 Dungeon Crawl Stone Soup version 0.29-a0-819-g94b489e (webtiles) character file.

Game seed: 11567720976136140827

9002 Illumine the Cleaver (level 11, -8/101 HPs)
             Began as a Meteoran Fighter on July 6, 2022.
             Was a Believer of Makhleb.
             Mangled by a death yak (9 damage)
             ... on level 9 of the Dungeon.
             The game lasted 00:09:09 (5666 turns).

Illumine the Cleaver (Meteoran Fighter)             Turns: 5666, Time: 00:09:09

Health: -8/101     AC: 16    Str: 27    XL:     11   Next: 97%
Magic:  18/18      EV:  8    Int: 10    God:    Makhleb [**....]
Gold:   329        SH:  6    Dex: 15    Spells: 10/10 levels left

rFire   + . .      SeeInvis .   a - +0 war axe (elec)
rCold   . . .      Faith    .   c - +1 buckler
rNeg    . . .      Spirit   .   A - +4 chain mail {rF+}
rPois   +          Reflect  .   e - +0 helmet
rElec   .          Harm     .   (no cloak)
rCorr   .          Rampage  .   (no gloves)
Will    +....                   (no boots)
Stlth   ..........              (no amulet)
HPRegen 0.26/turn               F - +6 ring of strength
MPRegen 0.16/turn               b - ring of poison resistance

@: about to teleport, glowing
A: sense surroundings 2, otherworldly, glowing, explore regen
a: Renounce Religion, Minor Destruction


You were on level 9 of the Dungeon.
You worshipped Makhleb.
Makhleb was pleased with you.
You visited 3 branches of the dungeon, and saw 13 of its levels.

You collected 728 gold pieces.
You spent 399 gold pieces at shops.

Inventory:

Hand Weapons
 a - a +0 war axe of electrocution (weapon)
Armour
 c - a +1 buckler (worn)
 e - a +0 helmet (worn)
 A - a +4 chain mail of fire resistance (worn)
Jewellery
 b - a ring of poison resistance (right hand)
 f - a ring of positive energy
 F - a +6 ring of strength (left hand)
Wands
 x - a wand of charming (10)
Scrolls
 h - a scroll of brand weapon
 m - a scroll of vulnerability {unknown}
 q - 3 scrolls of teleportation
 r - a scroll of torment {unknown}
 t - a scroll of fear
 v - a scroll of fog {unknown}
 y - 2 scrolls of magic mapping
 z - a scroll of acquirement {unknown}
 B - a scroll of immolation {unknown}
Potions
 d - 2 potions of might
 g - a potion of attraction {unknown}
 i - 2 potions of mutation {unknown}
 j - 2 potions of cancellation {unknown}
 n - a potion of ambrosia {unknown}
 o - 6 potions of curing {unknown}
 p - a potion of berserk rage {unknown}
 s - a potion of invisibility
 u - 3 potions of degeneration {unknown}
 w - a potion of brilliance {unknown}
 C - a potion of flight {unknown}
 D - a potion of haste {unknown}
 E - a potion of resistance {unknown}
 G - a potion of lignification {unknown}


   Skills:
 + Level 10.4 Fighting
 * Level 13.6 Axes
 + Level 9.1 Armour
 - Level 4.0 Shields
 + Level 9.0 Invocations


You had 10 spell levels left.
You didn't know any spells.
Your spell library contained the following spells:

 Spells                   Type           Power      Damage    Failure   Level
 Apportation              Tloc           0%         N/A       93%         1
 Necrotise                Necr           0%         1d4       93%         1
 Ensorcelled Hibernation  Hex/Ice        0%         N/A       98%         2
 Passwall                 Tmut/Erth      0%         N/A       98%         2
 Sublimation of Blood     Necr           0%         N/A       98%         2
 Wereblood                Tmut           0%         N/A       98%         2
 Ignite Poison            Fire/Tmut/Pois 0%         N/A       100%        3
 Mephitic Cloud           Conj/Pois/Air  0%         N/A       100%        3
 Swiftness                Air            0%         N/A       100%        3
 Vampiric Draining        Necr           0%         2d6       100%        3
 Agony                    Necr           0%         N/A       100%        5
 Alistair's Intoxication  Tmut/Pois      0%         N/A       100%        5
 Freezing Cloud           Conj/Ice/Air   0%         6-21      100%        5
 Summon Hydra             Summ           0%         N/A       100%        7


Dungeon Overview and Level Annotations

Branches:
Dungeon (9/15) Zot: 512    Temple (1/1) D:7 Zot: 496    Lair (3/6) D:9 Zot: 1047
  Swamp: Lair:2-4    Shoals: Lair:2-4     Snake: Lair:2-4    Spider: Lair:2-4
    Orc: D:9-12

Altars:
Cheibriados
Dithmenos
Fedhas
Kikubaaqudgha
Makhleb
Nemelex Xobeh
Okawaru
Qazlal
Sif Muna
Trog
Vehumet
Wu Jian
Xom
Yredelemnul

Shops:
D:4 **   D:7 *


Innate Abilities, Weirdness & Mutations

You passively map the area around you.
You are easily found by Zot.
You glow in the dark.
You regain HP and MP as you explore.


Message History

Lightning courses through the death yak!!
The death yak is severely wounded.
The death yak gores you.
You slash the death yak!
The death yak is almost dead.
The death yak gores you but does no damage.
You slash the death yak!
Lightning courses through the death yak!
You kill the death yak!
Makhleb accepts your kill.
You feel better.
Your Invocations skill increases to level 9!
You climb upwards.
Welcome back to the Dungeon!
The death yak gores you!!
* * * LOW HITPOINT WARNING * * *
There is a staircase to the Lair, spattered with blood here.
You hit the death yak but do no damage. The death yak gores you!
* * * LOW HITPOINT WARNING * * *
You feel much better. The death yak gores you.
* * * LOW HITPOINT WARNING * * *
Unknown command.
You barely miss the death yak. The death yak closely misses you.
You slice the death yak!!
The death yak is moderately wounded.
The death yak snorts and paws the ground.
The death yak gores you!!
* * * LOW HITPOINT WARNING * * *
Unknown command.
Okay, then.
As you read the scroll of fear, it crumbles to dust.
You assume a fearsome visage.
The death yak looks frightened!
The death yak bellows!
You hear a bellow!
The death yak bellows!
The yak bellows!
The death yak attacks as you move away! The death yak closely misses you.
The death yak bellows!
As you read the scroll of teleportation, it crumbles to dust.
You feel strangely unstable. The death yak gores you.
* * * LOW HITPOINT WARNING * * *
Unknown command.
The death yak attacks as you move away! The death yak gores you!
You die...

#.........##
####Y####...
#....#.....#
#######........
##.........#
#..............
#....>....#
#.....#########
#.........## #.....#
#..........# #.....#
#..........# #.....#
#Y.#.......###Y....#
#..#...Y...@YY.....#
*
#........##....#####
######.####....#
#.........# **
########### *


You could see 3 death yaks and a yak.

Vanquished Creatures
  2 death yaks (Lair:1)
  Pikel (D:8)
  5 cane toads
  A komodo dragon (Lair:1)
  3 trolls (D:9)
  Eustachio (D:4)
  A wyvern (Lair:1)
  11 yaks (D:8)
  2 humans (D:7)
  Duvessa (D:6)
  2 orc warriors
  A sky beast (D:7)
  6 wolves (Lair:1)
  2 centaurs
  9 bullfrogs
  A kobold brigand (D:7)
  A scorpion (D:6)
  2 necrophages
  Dowan (D:6)
  9 killer bees (D:8)
  2 howler monkeys
  2 orc priests (D:9)
  4 hounds
  A jelly (D:5)
  4 iguanas
  4 orc wizards
  7 gnolls (D:5)
  5 adders
  A shadow imp (D:7)
  A worm (D:2)
  3 dart slugs
  16 orcs
  9 bats
  4 endoplasms
  2 goblins
  5 hobgoblins
  14 jackals
  2 quokkas
  3 ball pythons
  2 frilled lizards
  7 kobolds
  5 rats
165 creatures vanquished.

Vanquished Creatures (others)
  2 bushes (D:7)
  A fungus (Lair:1)
  14 plants
17 creatures vanquished.

Grand Total: 182 creatures vanquished

Notes
Turn   | Place    | Note
-------+----------+-------------------------------------------
     0 | D:1      | Illumine the Meteoran Fighter began the quest for the Orb.
     0 | D:1      | Reached XP level 1. HP: 19/19 MP: 2/2
   100 | D:1      | Reached XP level 2. HP: 13/26 MP: 3/3
   240 | D:1      | Reached skill level 3 in Axes
   356 | D:2      | Reached XP level 3. HP: 31/31 MP: 4/4
   812 | D:2      | Reached XP level 4. HP: 34/40 MP: 5/5
  1071 | D:3      | Reached skill level 4 in Axes
  1222 | D:3      | Reached XP level 5. HP: 38/46 MP: 6/6
  1283 | D:3      | Found a faded altar of an unknown god.
  1317 | D:4      | Found a stormy altar of Qazlal.
  1335 | D:4      | Identified the +8 short sword of Hospitality {drain, rF+
                  | Will- Str+2 Stlth+}
  1385 | D:4      | Found Kowoihor's General Store.
  1389 | D:4      | Found Tifev's Assorted Antiques.
  1400 | D:4      | Bought a scroll of identify for 24 gold pieces
  1422 | D:4      | Reached skill level 5 in Axes
  1423 | D:4      | Bought a potion of heal wounds for 135 gold pieces
  1753 | D:4      | Noticed Eustachio
  1782 | D:4      | HP: 1/47 [something (5)]
  1788 | D:4      | Killed Eustachio
  1789 | D:4      | Reached skill level 5 in Fighting
  1789 | D:4      | Reached skill level 6 in Axes
  1789 | D:4      | Reached XP level 6. HP: 2/56 MP: 7/7
  1837 | D:5      | Entered Level 5 of the Dungeon
  1882 | D:5      | Reached XP level 7. HP: 57/61 MP: 8/8
  1974 | D:5      | Found a shimmering blue altar of Sif Muna.
  2002 | D:5      | Found a snail-covered altar of Cheibriados.
  2085 | D:5      | Reached skill level 7 in Axes
  2375 | D:6      | Noticed Dowan
  2376 | D:6      | Noticed Duvessa
  2385 | D:6      | Killed Duvessa
  2386 | D:6      | Reached skill level 8 in Axes
  2386 | D:6      | Reached XP level 8. HP: 45/70 MP: 9/9
  2390 | D:6      | Killed Dowan
  2392 | D:6      | Found a shimmering altar of Xom.
  2397 | D:6      | Found a shadowy altar of Dithmenos.
  2483 | D:6      | Found a bloodstained altar of Trog.
  2664 | D:6      | Reached skill level 9 in Axes
  2936 | D:7      | Found a staircase to the Ecumenical Temple.
  2967 | D:7      | Gained mutation: You passively map the area around you.
                  | [Meteoran growth]
  2967 | D:7      | Reached XP level 9. HP: 44/78 MP: 10/10
  2983 | Temple   | Entered the Ecumenical Temple
  3038 | Temple   | Became a worshipper of Makhleb the Destroyer
  3266 | D:7      | Found Etu Puj's Assorted Antiques.
  3269 | D:7      | Bought a runed chain mail for 240 gold pieces
  3418 | D:7      | Found an iron altar of Okawaru.
  3433 | D:7      | Reached skill level 10 in Axes
  3433 | D:7      | Reached skill level 1 in Invocations
  3540 | D:7      | Found a blossoming altar of Fedhas.
  3921 | D:8      | Reached skill level 5 in Armour
  3934 | D:8      | Reached skill level 11 in Axes
  3934 | D:8      | Reached XP level 10. HP: 33/88 MP: 12/14
  3977 | D:8      | Reached skill level 5 in Invocations
  4017 | D:8      | Reached * piety under Makhleb
  4129 | D:8      | Noticed Pikel
  4135 | D:8      | Killed Pikel
  4370 | D:9      | Reached skill level 12 in Axes
  4373 | D:9      | Reached XP level 11. HP: 10/97 MP: 17/17
  4518 | D:9      | Noticed a death yak
  4518 | D:9      | Noticed a death yak
  4518 | D:9      | Noticed a death yak
  4518 | D:9      | Noticed a death yak
  4794 | D:9      | Found a staircase to the Lair.
  4874 | D:9      | Noticed a death yak
  4888 | Lair:1   | Entered Level 1 of the Lair of Beasts
  5004 | Lair:1   | Found a frozen archway.
  5084 | Lair:1   | Reached ** piety under Makhleb
  5245 | Lair:2   | Noticed a seven-headed hydra
  5290 | Lair:1   | Reached skill level 10 in Fighting
  5314 | Lair:1   | Reached skill level 13 in Axes
  5441 | Lair:3   | Noticed an eight-headed hydra
  5643 | Lair:1   | Killed a death yak
  5646 | Lair:1   | Killed a death yak
  5652 | D:9      | HP: 3/101 [death yak (20)]
  5665 | D:9      | HP: 1/101 [death yak (6)]
  5666 | D:9      | Mangled by a death yak

Illustrated notes

Levels and vault maps discovered:
D:1:      onia_arrival_handbag, layout_basic, serial_bayou, serial_bayou_pond_b,
          serial_bayou_shore_a, serial_bayou_pond_a, serial_bayou_pond_a,
          grunt_decor_one_mirror, chequers_arboretum
D:2:      minmay_evil_eye, layout_loops_ring, minmay_statues_item
D:3:      layout_loops_ring, shapermc_ecumenical_altar_mp_highgroup, st_stairs_4
D:4:      layout_basic, mainiacjoe_overflow_catwalk, serial_shops,
          shop_fountains, shop_coins, shop, uniq_eustachio
D:5:      layout_rooms, nicolae_ru_path_of_blood, zin_treasury,
          nicolae_overflow_squiral
D:6:      layout_cave_pools, mainiacjoe_overflow_24_doors, jmf_multi_god_temple,
          uniq_duvessa
D:7:      layout_loops_cross, okawaru_humans, fedhas_altar_decomposition,
          minmay_temple_entry_junction, serial_shops, kennysheep_mini
D:8:      layout_cave_pools, uniq_pikel
D:9:      layout_basic, tso_oasis_becter, nicolae_ashenzari_panopticon,
          dpeg_lair_monsters, hangedman_decor_points, feat_on_display
Temple:   hellmonk_temple_beads
Lair:1:   layout_regular_city, portal_ice_cave_entry_pillars_2,
          beast_lair_carwin_4, lemuel_fruit_fields
Lair:2:   layout_cave_pods, guppyfry_snake_entry_island
Lair:3:   layout_gridlike, wad_woods_road_02, infiniplex_staircase_pool_2,
          uniq_amaemon

Skill      XL: |  1  2  3  4  5  6  7  8  9 10 11 |
---------------+----------------------------------+-----
Axes           | 3 4 6 8 9 11 12 13 | 13.6
Shields        | 4 |  4.0
Fighting       | 4 5 6 8 9 10 | 10.4
Invocations    | 4 7 9 |  9.0
Armour         | 5 7 9 |  9.1

Action                   |  1- 3 |  4- 6 |  7- 9 | 10-12 || total
-------------------------+-------+-------+-------+-------++-------
Melee: War axe           |    80 |   114 |   229 |   218 ||   641
  Use: Scroll            |       |     3 |     4 |     8 ||    15
       Potion            |       |     1 |     1 |     3 ||     5
Armor: Scale mail        |    56 |    57 |    53 |       ||   166
       Chain mail        |       |       |    33 |   143 ||   176
Dodge: Dodged            |    44 |    56 |    68 |    92 ||   260
Block: Buckler           |    22 |    29 |    45 |    76 ||   172

Table legend: (Time is in decaauts)
 A = Elapsed time spent in this place.
 B = Non-inter-level travel time spent in this place.
 C = Inter-level travel time spent in this place.
 D = Time resting spent in this place.
 E = Time spent auto-exploring this place.
 F = Levels seen in this place.
 G = Mean time per level.
                   A        B        C        D        E       F      G
               +--------+--------+--------+--------+--------+-----+--------+
         Total |   5743 |   5431 |    312 |    548 |   3327 |  13 |  441.8 |
       Dungeon |   4887 |   4710 |    177 |    448 |   2985 |   9 |  543.0 |
        Temple |    103 |     56 |     47 |      0 |     46 |   1 |  103.0 |
          Lair |    752 |    664 |     88 |    100 |    296 |   3 |  250.7 |
               +--------+--------+--------+--------+--------+-----+--------+

Top non-repeatable levels by time:
     D:7: 823 daAuts
     D:2: 734 daAuts
     D:9: 620 daAuts
     D:4: 555 daAuts
     D:5: 525 daAuts
  Lair:1: 512 daAuts
     D:6: 501 daAuts
     D:8: 487 daAuts
     D:3: 319 daAuts
     D:1: 318 daAuts
  Lair:2: 203 daAuts
  Temple: 103 daAuts
  Lair:3: 36 daAuts
